 Dungeon Crawl Stone Soup version 0.31-a0-662-g684573625c (webtiles) character file.

Game seed: 9229876724908397355

234 arthad the Shield-Bearer (level 6, 0/49 HPs)
             Began as a Formicid Fighter on Sept 1, 2023.
             Slain by an ogre
             ... wielding a +0 giant spiked club
              (20 damage)
             ... on level 4 of the Dungeon.
             The game lasted 00:03:39 (2930 turns).

arthad the Shield-Bearer (Formicid Fighter)         Turns: 2930, Time: 00:03:40

Health: 0/49       AC:  7    Str: 22    XL:     6   Next: 26%
Magic:  6/6        EV:  9    Int:  8    God:
Gold:   168        SH:  5    Dex: 13    Spells: 5/5 levels left

rFire   . . .        a - +0 war axe
rCold   . . .        c - +0 buckler
rNeg    . . .        b - +0 scale mail
rPois   .            (helmet unavailable)
rElec   .            (no cloak)
rCorr   .            (no gloves)
SInv    +            (no boots)
Will    .....        (no amulet) Stlth
                     (no ring)
HPRegen 0.28/turn    (no ring)
MPRegen 0.10/turn

%: no passive effects
@: no status effects
A: permanent stasis, dig shafts and tunnels, antennae 3, four strong arms
a: Dig, Shaft Self


You were on level 4 of the Dungeon.
You visited 1 branch of the dungeon, and saw 4 of its levels.
You also visited: Sewer.

You collected 168 gold pieces.

Inventory:

Hand Weapons
 a - a +0 war axe (weapon)
Missiles
 j - 10 poisoned darts
Armour
 b - a +0 scale mail (worn)
 c - a +0 buckler (worn)
 s - a +0 troll leather armour {Pargi}
Jewellery
 x - an amulet of regeneration
Scrolls
 e - 7 scrolls of identify {unknown}
 g - 2 scrolls of summoning {unknown}
 h - 3 scrolls of amnesia {unknown}
 l - a scroll of vulnerability {unknown}
 m - a scroll of immolation {unknown}
 o - 2 scrolls of noise {unknown}
 p - 3 scrolls of teleportation {unknown}
 r - a scroll of silence {unknown}
 u - a scroll of enchant armour {unknown}
 v - a scroll of fear {unknown}
 w - a scroll of blinking {unknown}
Potions
 d - a potion of might
 f - a potion of enlightenment {unknown}
 i - a potion of heal wounds {unknown}
 k - 2 potions of magic {unknown}
 n - a potion of cancellation {unknown}
 q - a potion of ambrosia {unknown}
 t - a potion of haste {unknown}
 z - a potion of curing {unknown}


   Skills:
 + Level 4.5 Fighting
 + Level 3.4 Axes
 + Level 4.5 Armour
 + Level 5.5 Shields


You had 5 spell levels left.
You didn't know any spells.
Your spell library contained the following spells:

 Spells                   Type           Power      Damage    Failure   Level
 Slow                     Hex            0%         N/A       78%         1
 Sting                    Tmut/Pois      0%         1d3       78%         1
 Ensorcelled Hibernation  Hex/Ice        0%         N/A       89%         2
 Passwall                 Tmut/Erth      0%         N/A       89%         2
 Poisonous Vapours        Pois/Air       0%         N/A       89%         2
 Static Discharge         Conj/Air       0%         2-2/arc   89%         2
 Confusing Touch          Hex            0%         N/A       98%         3
 Dazzling Flash           Conj/Hex       0%         N/A       98%         3
 Portal Projectile        Hex/Tloc       0%         N/A       98%         3
 Tukima's Dance           Hex            0%         N/A       98%         3
 Vampiric Draining        Necr           0%         2d6       98%         3
 Volatile Blastmotes      Fire/Tloc      0%         2d10      98%         3
 Airstrike                Air            0%         2d(0-16)  100%        4
 Iskenderun's Mystic Bla  Conj/Tloc      0%         2d3       100%        4
 Olgreb's Toxic Radiance  Pois           0%         N/A       100%        4
 Summon Lightning Spire   Summ/Air       0%         N/A       100%        4
 Starburst                Conj/Fire      0%         6d3       100%        6
 Maxwell's Capacitive Co  Air            0%         ∞         100%        8
 Swiftness                Air            Unusable   N/A       N/A         3

Dungeon Overview and Level Annotations

Branches:
Dungeon (4/15)              Sewer (visited)
 Temple: D:4-7

Altars:
Ashenzari
Trog


Innate Abilities, Weirdness & Mutations

You cannot be hasted, slowed, berserked, paralysed or teleported.
You can dig through walls and to a lower floor.
You have a pair of large antennae on your head. (SInv)
Your four strong arms can wield two-handed weapons with a shield.


Message History

You feel sick.
You feel sick.
You feel sick.
You feel sick.
You feel sick.
You are no longer poisoned.
You sense a monster nearby.
A goblin comes into view. It is wielding a +0 club.
A goblin is nearby!
The goblin shouts!
Things that are here:
a +0 dagger; a +0 ring mail; an orc corpse The goblin barely misses you.
You barely miss the goblin. The goblin hits you with a +0 club.
You closely miss the goblin. The goblin hits you but does no damage.
You closely miss the goblin. The goblin closely misses you.
The goblin hits you but does no damage.
You barely miss the goblin. The goblin closely misses you.
You closely miss the goblin. The goblin hits you but does no damage.
You slash the goblin!
You kill the goblin!
No target in view!
No target in view!
No target in view!
You sense a monster nearby.
An ogre comes into view. It is wielding a +0 giant spiked club.
An ogre is nearby!
The ogre shouts!
Things that are here:
a +0 club; a goblin corpse The ogre attacks as it pursues you!
You block the ogre's attack.
You start putting on your amulet.
You continue putting on your amulet of regeneration. x2
The ogre hits you with a +0 giant spiked club!!
Ouch! That really hurt!
You continue putting on your amulet of regeneration.
You block the ogre's attack.
You continue putting on your amulet of regeneration. x2
The ogre hits you with a +0 giant spiked club!!
You die...

#.# #.# #.# #.#
#.########.#####.#
#.....<..........#
##.########.#######
#...## #.#
.#.#...### #@#
.......).###O#
...##.##.....# #.
##)...##### ..
#..)....... .#
#†.######## . #...#
.....# #######


You could see an ogre.

Vanquished Creatures
  Pargi (Sewer)
  An iguana (D:4)
  4 adders
  A worm (D:2)
  3 dart slugs
  An orc (D:4)
  8 ball pythons
  3 bats
  11 endoplasms
  3 giant cockroaches
  5 goblins
  5 hobgoblins
  3 jackals (D:1)
  7 kobolds
  3 frilled lizards
  9 rats
68 creatures vanquished.

Notes
Turn   | Place    | Note
-------+----------+-------------------------------------------
     0 | D:1      | arthad the Formicid Fighter began the quest for the Orb.
     0 | D:1      | Reached XP level 1. HP: 18/18 MP: 1/1
   139 | D:1      | Reached XP level 2. HP: 24/24 MP: 2/2
   249 | D:1      | Found a faded altar of an unknown god.
   306 | D:1      | Reached XP level 3. HP: 29/29 MP: 3/3
  1036 | D:2      | Reached XP level 4. HP: 37/37 MP: 4/4
  1695 | D:3      | Found a bloodstained altar of Trog.
  1696 | D:3      | Found a broken altar of Ashenzari.
  1950 | D:3      | Found a glowing drain.
  1966 | Sewer    | Entered a sewer
  1972 | Sewer    | Noticed Pargi
  1987 | Sewer    | Killed Pargi
  1988 | Sewer    | Reached skill level 5 in Shields
  1988 | Sewer    | Reached XP level 5. HP: 15/43 MP: 5/5
  1988 | Sewer    | Reached XP level 6. HP: 17/49 MP: 6/6
  2918 | D:4      | Noticed an ogre
  2930 | D:4      | Slain by an ogre

Illustrated notes

Levels and vault maps discovered:
D:1:      minmay_arrival_jagged, layout_basic,
          hellmonk_ecumenical_altar_heavens_door
D:2:      layout_basic
D:3:      layout_basic, chequers_temple_overflow_statue_of_worship,
          cheibrodos_sewer_entry_drain
D:4:      layout_loops_ring, mainiacjoe_overflow_alcove_2,
          minmay_temple_entry_arrows, grunt_ministairs_12, minmay_ruptured,
          uniq_eustachio

Skill      XL: |  1  2  3  4 |
---------------+-------------+-----
Armour         | 4 |  4.5
Fighting       | 4 |  4.5
Axes           | 3 |  3.4
Shields        | 5 |  5.5

Action                     |  1- 3 |  4- 6 || total
---------------------------+-------+-------++-------
  Melee: War axe           |    80 |    93 ||   173
    Use: Potion            |       |     1 ||     1
 Armour: Scale mail        |    50 |    76 ||   126
  Dodge: Dodged            |    42 |    44 ||    86
  Block: Buckler           |    18 |    30 ||    48

Table legend: (Time is in decaauts)
 A = Elapsed time spent in this place.
 B = Non-inter-level travel time spent in this place.
 C = Inter-level travel time spent in this place.
 D = Time resting spent in this place.
 E = Time spent auto-exploring this place.
 F = Levels seen in this place.
 G = Mean time per level.
                   A        B        C        D        E       F      G
               +--------+--------+--------+--------+--------+-----+--------+
         Total |   3001 |   2861 |    140 |      0 |   2331 |   5 |  600.2 |
       Dungeon |   2729 |   2589 |    140 |      0 |   2120 |   4 |  682.2 |
         Sewer |    271 |    271 |      0 |      0 |    211 |   1 |  271.0 |
               +--------+--------+--------+--------+--------+-----+--------+

Top non-repeatable levels by time:
     D:1: 1017 daAuts
     D:3: 876 daAuts
     D:2: 692 daAuts
   Sewer: 271 daAuts
     D:4: 143 daAuts
